 Dungeon Crawl Stone Soup version 0.17.1-2-g5865329 (webtiles) character file.

3321 Lonerover the Schismatic (level 9, -1/72 HPs)
             Began as a Demonspawn Abyssal Knight on Jan 27, 2016.
             Was an Elder of Lugonu.
             Slain by a black mamba (7 damage)
             ... on level 1 of the Lair of Beasts.
             The game lasted 00:53:26 (8020 turns).

Lonerover the Schismatic (DsAK)                     Turns: 8020, Time: 00:53:26

Health: -1/72      AC: 13    Str: 18    XL:     9   Next: 71%
Magic:  17/17      EV: 10    Int: 13    God:    Lugonu [****..]
Gold:   255        SH:  0    Dex: 16    Spells: 0 memorised, 8 levels left

rFire  + + +     SeeInvis .     H - +2 flail (crush)
rCold  . . .     Clarity  .     w - +3 ring mail of the Scribe {-Tele rF+++ Str+2 Dex+3}
rNeg   . . .     SustAt   +     (no shield)
rPois  .         Gourm    .     (no helmet)
rElec  .         Spirit   .     Q - +0 cloak
rCorr  .         Warding  .     (no gloves)
rMut   .         NoTele   +     i - +0 pair of boots
MR     .....                    r - amulet of regeneration
Stlth  +.........               O - ring of flight
                                n - ring of sustain attributes

@: not resistant to hostile enchantments, very unstealthy
A: claws 1, slimy green scales 2, powered by pain 1
a: Depart the Abyss, Bend Space, Banish, Corrupt, Renounce Religion, Evoke
Flight


You were on level 1 of the Lair of Beasts.
You worshipped Lugonu.
Lugonu was greatly pleased with you.
You were not hungry.

You visited 3 branches of the dungeon, and saw 10 of its levels.
You visited the Abyss 1 time.

You collected 390 gold pieces.
You spent 135 gold pieces at shops.

Inventory:

Hand Weapons
 a - a +1 hand axe
 l - a +0 whip of electrocution
 x - a -1 morningstar of freezing
 G - a +1 whip of flaming
 H - a +2 flail of crushing (weapon)
 P - a +4 quarterstaff of chaos
Armour
 b - a +0 leather armour
 e - a +0 scale mail
 i - a +0 pair of boots (worn)
 t - a +1 ring mail of fire resistance
 w - the +3 ring mail of the Scribe (worn) {-Tele rF+++ Str+2 Dex+3}
   (You found it on level 8 of the Dungeon)

   It affects your strength (+2).
   It affects your dexterity (+3).
   It renders you almost immune to fire.
   It prevents most forms of teleportation.
 Q - a +0 cloak (worn)
Jewellery
 n - a ring of sustain attributes (left claw)
 p - an uncursed ring of wizardry
 q - an uncursed amulet of rage
 r - an amulet of regeneration (around neck)
 O - a ring of flight (right claw)
Wands
 d - a wand of random effects (32)
 v - a wand of draining (15)
 z - a wand of flame (33)
 B - a wand of slowing (24)
 D - a wand of draining (1)
Scrolls
 g - a scroll of remove curse
 h - a scroll of magic mapping
 o - 2 scrolls of blinking {unknown}
 s - 8 scrolls of identify
 y - 2 scrolls of teleportation
 C - a scroll of recharging
 E - 2 scrolls of enchant armour
 I - a scroll of fog
 L - a scroll of amnesia
Potions
 k - 3 potions of curing
 m - 2 potions of lignification {unknown}
 u - a potion of agility
Books
 F - a Grand Grimoire

   Spells                             Type                      Level
   a - Monstrous Menagerie            Summoning                    6
   b - Summon Greater Demon           Summoning                    7
   c - Malign Gateway                 Summoning/Translocation      7
   d - Summon Horrible Things         Summoning                    8
 M - a book of Transfigurations

   Spells                             Type                      Level
   a - Stoneskin                      Transmutation/Earth          2
   b - Irradiate                      Conjuration/Transmutation    5
   c - Statue Form                    Transmutation/Earth          6
   d - Hydra Form                     Transmutation                6
   e - Dragon Form                    Transmutation                7
Comestibles
 c - 5 bread rations
 f - 9 fruits
 A - 11 royal jellies
 J - a beef jerky


   Skills:
 + Level 7.0 Fighting
 - Level 2.6(5.4) Axes
 * Level 7.4(7.7) Maces & Flails
 - Level 1.7 Armour
 - Level 0.8 Dodging
 * Level 11.5 Invocations


You had 8 spell levels left.
You didn't know any spells.

Dungeon Overview and Level Annotations

Branches:
Dungeon (8/15)             Temple (1/1) D:5            Lair (1/8) D:8

Altars:
Ashenzari
Cheibriados
Dithmenos
Elyvilon
Fedhas
Gozag
Kikubaaqudgha
Makhleb
Nemelex Xobeh
Okawaru
Ru
Sif Muna
Trog
Vehumet
Xom
Yredelemnul
Zin
The Shining One

Shops:
D:4 *([   D:5 %   D:8 %

Annotations:
Abyss:1 Sigmund


Innate Abilities, Weirdness & Mutations

You have sharp fingernails.
You are mostly covered in slimy green scales (AC +3).
You sometimes gain a little power by taking damage.


Message History

You are too injured to fight recklessly!
You are too injured to fight recklessly!
You feel sick. The black mamba bites you!
* * * LOW HITPOINT WARNING * * *
You feel much better.
You feel sick. The black mamba bites you!
* * * LOW HITPOINT WARNING * * *
You are lethally poisoned!
The black mamba poisons you! The black mamba bites you.
* * * LOW HITPOINT WARNING * * *
You are more poisoned.
The black mamba poisons you!
You feel better.
The black mamba bites you but does no damage.
The black mamba bites you!
* * * LOW HITPOINT WARNING * * *
The black mamba bites you but does no damage.
You hit the black mamba.
The black mamba is almost dead.
The black mamba bites you!
You die...

### ###
###.#####..#
..........#
########.........#
.................#
.................#
.P..###..........#
. ##S@<......#
#.........#
#.........#
#...........
.............
..............
...............
..............#


You could see a black mamba.

Vanquished Creatures
  Pikel (D:6)
  Eustachio (D:5)
  Edmund (D:6)
  An ice beast (D:5)
  A wasp (D:7)
  A phantom (D:8)
  An ogre (D:8)
  5 centaurs
  A big kobold (D:7)
  4 giant frogs
  A scorpion (D:8)
  4 hounds
  6 orc wizards
  4 jellies
  Crazy Yiuf (D:7)
  An orc priest (D:7)
  2 centaur skeletons (D:4)
  2 worker ants
  A hound zombie (D:5)
  10 adders
  12 gnolls
  8 oozes
  3 worms
  6 giant geckos
  28 orcs
  2 ball pythons
  2 giant cockroaches (D:1)
  11 goblins
  7 hobgoblins
  8 jackals
  18 kobolds
  12 bats
  A giant gecko skeleton (D:6)
  7 giant newts
  4 quokkas
  2 quokka zombies
  11 rats
  2 butterflies (D:4)
193 creatures vanquished.

Vanquished Creatures (others)
  Grinder (D:6)
  A slave (D:6)
  4 sky beasts
  A centaur (D:6)
  An orc (D:6)
  A fungus (D:8)
9 creatures vanquished.

Grand Total: 202 creatures vanquished

Notes
Turn   | Place    | Note
--------------------------------------------------------------
     0 | Abyss:1  | Lonerover the Demonspawn Abyssal Knight began the quest for the Orb.
     0 | Abyss:1  | Reached XP level 1. HP: 18/18 MP: 2/2
    35 | D:1      | Escaped the Abyss
   224 | D:1      | Gained mutation: You are partially covered in slimy green scales (AC +2). [demonic ancestry]
   224 | D:1      | Reached XP level 2. HP: 13/24 MP: 4/4
   422 | D:1      | Reached ** piety under Lugonu
   584 | D:1      | Reached XP level 3. HP: 29/29 MP: 5/5
  1222 | D:2      | Found a shadowy altar of Dithmenos.
  1250 | D:2      | Gained mutation: You sometimes gain a little power by taking damage. [demonic ancestry]
  1250 | D:2      | Reached XP level 4. HP: 27/35 MP: 6/6
  1253 | D:2      | Found a shattered altar of Ashenzari.
  1600 | D:2      | Reached skill level 1 in Maces & Flails
  1600 | D:2      | Reached skill level 4 in Invocations
  1810 | D:2      | Found a basalt altar of Yredelemnul.
  1810 | D:2      | Found a radiant altar of Vehumet.
  2171 | D:2      | Reached *** piety under Lugonu
  2309 | D:2      | Found a snail-covered altar of Cheibriados.
  2576 | D:3      | Noticed a sky beast
  2615 | D:2      | Banished a sky beast
  2615 | D:2      | Reached skill level 5 in Invocations
  2615 | D:2      | Reached XP level 5. HP: 32/42 MP: 8/8
  3366 | D:4      | Reached **** piety under Lugonu
  3467 | D:4      | Found Quhaky's Antique Armour Boutique.
  3554 | D:4      | Found Dies's Antique Weapon Shop.
  3632 | D:4      | Gained mutation: You are mostly covered in slimy green scales (AC +3). [demonic ancestry]
  3632 | D:4      | Reached XP level 6. HP: 48/48 MP: 10/10
  3725 | D:4      | Reached skill level 6 in Invocations
  3778 | D:4      | Found a shimmering altar of Xom.
  3832 | D:4      | Found Esmi's Assorted Antiques.
  3839 | D:4      | Bought an iron ring for 135 gold pieces
  4035 | D:5      | Entered Level 5 of the Dungeon
  4153 | D:5      | Found Jemu's Food Boutique.
  4177 | D:5      | Noticed Eustachio
  4200 | D:5      | Killed Eustachio
  4243 | D:5      | Reached skill level 7 in Invocations
  4243 | D:5      | Gained mutation: You have sharp fingernails. [demonic ancestry]
  4243 | D:5      | Reached XP level 7. HP: 39/55 MP: 12/12
  4276 | D:5      | You fall through a shaft for 2 floors!
  4611 | D:5      | Noticed Sigmund
  4673 | D:5      | Found a staircase to the Ecumenical Temple.
  4675 | D:5      | Banished Sigmund
  4675 | D:5      | Reached skill level 5 in Fighting
  4675 | D:5      | Reached skill level 8 in Invocations
  4675 | D:5      | Reached XP level 8. HP: 57/62 MP: 12/14
  4989 | Temple   | Entered the Ecumenical Temple
  5409 | D:6      | Noticed Pikel
  5433 | D:6      | Killed Pikel
  5433 | D:6      | Reached skill level 5 in Maces & Flails
  5433 | D:6      | Reached skill level 9 in Invocations
  5490 | D:6      | Found a sacrificial altar of Ru.
  5572 | D:6      | Noticed Edmund
  5641 | D:6      | Killed Edmund
  5850 | D:6      | Noticed Grinder
  5990 | D:6      | Killed Grinder
  5990 | D:6      | Reached skill level 10 in Invocations
  5990 | D:6      | Reached XP level 9. HP: 49/69 MP: 16/16
  7112 | D:7      | Noticed Crazy Yiuf
  7118 | D:7      | Killed Crazy Yiuf
  7118 | D:7      | Reached skill level 11 in Invocations
  7425 | D:8      | Found Puguhagg's Food Shoppe.
  7493 | D:8      | Got a smoking ring mail
  7504 | D:8      | Identified the +3 ring mail of the Scribe {-Tele rF+++ Str+2 Dex+3} (You found it on level 8 of the Dungeon)
  7580 | D:8      | Found a staircase to the Lair.
  7998 | Lair:1   | Entered Level 1 of the Lair of Beasts
  7999 | Lair:1   | Noticed a black mamba
  8020 | Lair:1   | Slain by a black mamba

Action                   |  1- 3 |  4- 6 |  7- 9 || total
-------------------------+-------+-------+-------++-------
Melee: Hand axe          |   107 |       |       ||   107
       Whip              |     4 |   351 |   159 ||   514
       Flail             |       |       |   239 ||   239
Invok: Banish            |       |     1 |     7 ||     8
Evoke: Wand              |       |       |     1 ||     1
  Use: Scroll            |     3 |     8 |     4 ||    15
       Potion            |       |       |     9 ||     9
  Eat: Meat ration       |       |     1 |     2 ||     3
       Bread ration      |       |     1 |       ||     1
       Chunk             |       |     3 |     7 ||    10
       Pizza             |       |       |     1 ||     1
